 Dungeon Crawl Stone Soup version 0.26.1-11-gd32895ea62 (webtiles) character file.

Game seed: 12347795239585166063

61 growler the Gusty (level 4, 0/24 HPs)
             Began as a Tengu Air Elementalist on Apr 27, 2021.
             Killed from afar by Robin (9 damage)
             ... with a puff of flame
             ... on level 2 of the Dungeon.
             The game lasted 00:03:53 (1826 turns).

growler the Gusty (Tengu Air Elementalist)          Turns: 1826, Time: 00:03:53

Health: 0/24       AC:  3    Str:  8    XL:     4   Next: 7%
Magic:  9/9        EV: 12    Int: 16    God:
Gold:   114        SH:  0    Dex: 15    Spells: 2/8 levels left

rFire    . . .     SeeInvis .   (no weapon)
rCold    . . .     Faith    .   (no shield)
rNeg     . . .     Spirit   .   f - +0 leather armour {rPois}
rPois    +         Reflect  .   (helmet restricted)
rElec    .         Harm     .   (no cloak)
rCorr    .         Rampage  .   (no gloves)
Will     .....                  (boots unavailable)
Stlth    ++........             (no amulet)
HPRegen  0.08/turn              (no ring)
MPRegen  0.11/turn              (no ring)

@: no status effects
A: beak, talons 3
a: no special abilities


You were on level 2 of the Dungeon.
You visited 1 branch of the dungeon, and saw 2 of its levels.

You collected 114 gold pieces.

Inventory:

Missiles
 k - 9 poisoned darts
Armour
 a - a +0 robe
 d - a +0 pair of gloves
   (You found it on level 1 of the Dungeon)
 f - a +0 leather armour of poison resistance (worn)
   (You found it on level 1 of the Dungeon)
Scrolls
 b - a scroll of enchant weapon {unknown}
 g - 3 scrolls of blinking {unknown}
 h - a scroll of random uselessness {unknown}
 i - a scroll of enchant armour {unknown}
 j - 2 scrolls of magic mapping {unknown}
Potions
 c - a potion of heal wounds {unknown}
 e - a potion of degeneration {unknown}
 l - a potion of lignification {unknown}


   Skills:
 - Level 2.1 Dodging
 - Level 2.0 Stealth
 + Level 2.8 Spellcasting
 + Level 3.0 Conjurations
 + Level 4.9 Air Magic


You had 2 spell levels left.
You knew the following spells:

 Your Spells              Type           Power        Failure   Level
a - Shock                 Conj/Air       60%          5%          1
d - Static Discharge      Conj/Air       15%          16%         3
s - Swiftness             Air            18%          5%          2

Your spell library contained the following spells:

 Spells                   Type           Power        Failure   Level
 Airstrike                Air            9%           36%         4
 Lightning Bolt           Conj/Air       7%           83%         5


Dungeon Overview and Level Annotations

Branches:
Dungeon (2/15)

Altars:
Qazlal

Annotations:
D:2 Robin, Sigmund


Innate Abilities, Weirdness & Mutations

You have a beak for a mouth.
You have claws for feet.


Message History

You kill the goblin!
The zap hits the goblin.
You kill the goblin!
A goblin comes into view. It is wielding a +0 vampiric dagger.
Your Conjurations skill increases to level 3!
Aim: a hobgoblin, wielding a +0 club (29% to evade)
The zap hits the hobgoblin.
The zap misses the goblin. x2
The goblin shouts!
You hear a shout!
The goblin shoots a stone.
The stone completely misses you.
Aim: a hobgoblin, wielding a +0 club (severely wounded, 29% to evade)
The zap hits the hobgoblin.
You kill the hobgoblin!
The zap misses the goblin. x2
Robin of the Strong Arm comes into view.
They are wielding a +0 dagger and carrying a wand of flame (21).
The goblin shoots a stone.
The stone hits you but does no damage.
You have reached level 4!
You feel agile.
You start resting.
A goblin is nearby!
The zap hits the goblin. x2
You kill the goblin!
The zap misses the goblin.
The zap hits the goblin.
The goblin shoots a stone.
The stone hits you.
The zap hits the goblin. x2
You kill the goblin!
Robin zaps a wand.
The puff of flame hits you.
Robin zaps a wand.
The puff of flame misses you.
A kobold comes into view.
The kobold hits you.
You hit the kobold. You claw the kobold.
You kill the kobold!
You see here a kobold corpse.
You see here a kobold corpse.
You hit Robin. Your kick misses Robin. You peck Robin, but do no damage.
Robin hits you but does no damage.
You hit Robin.
Robin zaps a wand.
The puff of flame hits you!
* * * LOW HITPOINT WARNING * * *
You see here a kobold corpse.
Robin says, "Duck!"
Robin roars a battlecry!
The goblin goes into a battle-frenzy!
Unknown command.
An adder comes into view.
Robin zaps a wand.
The puff of flame hits you!
You die...

# #.##.....# gg
####.###.#..# §g.
...........># # ≈§§
####.###.##... #S #§§
# #.# #.# #### #. #§ #
#.# .# ##.# #§ #.# #..
#§ #.# #.# #§§ #.# #@#
§§§ #.###.# #.# .§§
#...#.# #.# .§.
###.#[# #g# ≈§§ #.#.#
#†# #.#.# #g# #.#.#
#.#
#.#.#######.##########
#....g...............#


You could see Robin, an adder (asleep) and a goblin (strong).

Vanquished Creatures
  An adder (D:2)
  An ooze (D:1)
  A worm (D:2)
  A dart slug (D:2)
  An orc (D:2)
  A ball python (D:1)
  6 bats
  3 giant cockroaches
  8 goblins
  4 hobgoblins
  4 kobolds
  4 frilled lizards
  4 rats (D:1)
39 creatures vanquished.

Vanquished Creatures (others)
  2 plants (D:1)
2 creatures vanquished.

Grand Total: 41 creatures vanquished

Notes
Turn   | Place    | Note
-------+----------+-------------------------------------------
     0 | D:1      | growler the Tengu Air Elementalist began the quest for the
                  | Orb.
     0 | D:1      | Reached XP level 1. HP: 10/10 MP: 4/4
   200 | D:1      | Reached XP level 2. HP: 15/15 MP: 4/6
   228 | D:1      | Learned a level 2 spell: Swiftness
  1021 | D:1      | Reached XP level 3. HP: 19/19 MP: 3/7
  1209 | D:1      | Learned a level 3 spell: Static Discharge
  1491 | D:2      | Noticed Sigmund
  1693 | D:2      | Found a stormy altar of Qazlal.
  1721 | D:2      | Noticed Robin
  1722 | D:2      | Reached XP level 4. HP: 24/24 MP: 3/9
  1826 | D:2      | Killed from afar by Robin

Illustrated notes

Levels and vault maps discovered:
D:1:      dpeg_arrival_chambers_temple_mockup, layout_loops_ring, serial_forest,
          infiniplex_forest_straight_5, infiniplex_forest_end_double,
          infiniplex_forest_zigzag_1, infiniplex_forest_end_1,
          infiniplex_forest_clump_small, infiniplex_forest_straight_2,
          infiniplex_forest_lined_2
D:2:      layout_loops_ring, grunt_qazlal_clouds, kennysheep_path_1,
          uniq_crazy_yiuf_cottage, uniq_sigmund, uniq_robin

Skill      XL: |  1  2  3 |
---------------+----------+-----
Conjurations   | 2 3 |  3.0
Dodging        | |  2.1
Stealth        | |  2.0
Spellcasting   | |  2.8
Air Magic      | |  4.9

Action                   |  1- 3 |  4- 6 || total
-------------------------+-------+-------++-------
Melee: Unarmed           |     1 |     3 ||     4
       Kick              |     1 |     1 ||     2
       Peck              |       |     1 ||     1
 Cast: Shock             |    66 |     3 ||    69
Armor: Leather armour    |     1 |     1 ||     2
Dodge: Dodged            |     3 |     1 ||     4
